[Event "The Kvibergspelen 2023"]
[Site "Kviberg Park Hotel & Conference, Krutvagen 2, Gothenburg, Sweden"]
[Date "2023.09.15"]
[Round "2.3"]
[White "Larkin, Vladyslav"]
[Black "Bjorkman, Filip"]
[Result "1-0"]
[TimeControl "15 minutes + 5 seconds per move from move one (Round 1 - 4) / 90 minutes + 30 seconds per move from move one (Round 5 - 8)"]
[WhiteTitle "IM"]
[WhiteFideId "14152894"]
[BlackFideId "1734970"]
[WhiteElo "2464"]
[BlackElo "2077"]

1. e4 c5 2. Nf3 Nc6 3. Bb5 g6 4. Bxc6 dxc6 5. h3 e5 6.
d3 Bg7 7. Nc3 Ne7 8. Be3 b6 9. Qd2 h5 10. a3 Be6 11. Ng5 Qd7 12. O-O O-O 13. f4 exf4 14. Bxf4 Rad8 15. e5 Bf5 16.
Nce4 Qd4+ 17. Kh1 Bxe4 18. Nxe4 c4 19. Nf6+ Kh8 20. Bh6 Qxe5 21. Rae1 Qc5 22. Bxg7+ Kxg7 23. Qc3 Kh6 24. Re5 Nd5 25. Qd2+ Kg7 26. Nxh5+ Kh7 27. Nf6+ Kg7 28.
Qg5 Qd6 29. Nh5+ Kh7 30. Ref5 Qe7 31. Rxd5 Qxg5 32. Rxg5 gxh5 33. dxc4 Rd2 34. Rf4 Rxc2 35. Rh4 1-0

[Event "The Kvibergspelen 2023"]
[Site "Kviberg Park Hotel & Conference, Krutvagen 2, Gothenburg, Sweden"]
[Date "2023.09.15"]
[Round "2.4"]
[White "Wahlund, Max"]
[Black "Seo, Jung Min"]
[Result "0-1"]
[TimeControl "15 minutes + 5 seconds per move from move one (Round 1 - 4) / 90 minutes + 30 seconds per move from move one (Round 5 - 8)"]
[WhiteTitle "CM"]
[BlackTitle "IM"]
[WhiteFideId "1741861"]
[BlackFideId "1734687"]
[WhiteElo "2065"]
[BlackElo "2462"]

1. d4 Nf6 2. c4 e6 3. g3 d5 4. Bg2 dxc4 5. Nf3 c6 6. Ne5 Bb4+ 7. Nc3 Nd5 8. Bd2 Nb6 9. e3 N8d7 10. Nxd7 Bxd7 11.
O-O O-O 12. Rc1 Qe7 13. a3 Ba5 14. Ne4 Bxd2 15. Nxd2 e5 16. Nxc4 Nxc4 17. Rxc4 Be6 18. Rc5 exd4 19. Qxd4 Rad8 20.
Qc3 Rd7 21. Bf3 Rfd8 22. h4 Rd3 23. Qc1 Qf6 24. Kg2 Bh3+ 25. Kxh3 Qxf3 26. Qb1 Rd1 27. Rc1 R1d2 28. Rc2 Qf5+ 0-1

[Event "The Kvibergspelen 2023"]
[Site "Kviberg Park Hotel & Conference, Krutvagen 2, Gothenburg, Sweden"]
[Date "2023.09.15"]
[Round "2.5"]
[White "Sivuk, Vitaly"]
[Black "Joensson, Oscar"]
[Result "1-0"]
[TimeControl "15 minutes + 5 seconds per move from move one (Round 1 - 4) / 90 minutes + 30 seconds per move from move one (Round 5 - 8)"]
[WhiteTitle "GM"]
[WhiteFideId "14116502"]
[BlackFideId "1729977"]
[WhiteElo "2461"]
[BlackElo "2060"]

1. d4 Nf6 2. c4 e6 3. Nf3 d5 4. Nc3 Be7 5. Bg5 O-O 6. e3 h6 7. Bf4 c6 8. g4 Ne4 9. Bd3 Nxc3 10.
bxc3 dxc4 11. Bxc4 b6 12. Bd3 Bb7 13. Rg1 Bg5 14. Bxg5 hxg5 15. h4 gxh4 16. g5 g6 17. Ne5 Kg7 18. Qf3 Qe7 19. Be4 Nd7 20.
Nxd7 Qxd7 21. Qf6+ Kg8 22. Rh1 Qd8 23. Rxh4 Qxf6 24. gxf6 e5 25. O-O-O 1-0

[Event "The Kvibergspelen 2023"]
[Site "Kviberg Park Hotel & Conference, Krutvagen 2, Gothenburg, Sweden"]
[Date "2023.09.15"]
[Round "2.6"]
[White "Eriksson, Kristian"]
[Black "Golubka, Petro"]
[Result "0-1"]
[TimeControl "15 minutes + 5 seconds per move from move one (Round 1 - 4) / 90 minutes + 30 seconds per move from move one (Round 5 - 8)"]
[BlackTitle "GM"]
[WhiteFideId "1705172"]
[BlackFideId "14114224"]
[WhiteElo "2038"]
[BlackElo "2439"]

1. e4 c5 2. Nf3 d6 3. d4 cxd4 4. Nxd4 Nf6 5. Nc3 a6 6. Bg5 e6 7. Qf3 Nbd7 8. O-O-O h6 9. Bd2 Qc7 10.
Qg3 Nc5 11. Bd3 b5 12. Rhe1 Bb7 13. Kb1 g5 14. f3 Be7 15. a3 Nfd7 16. Be3 Bc6 17. Nb3 Nxb3 18. cxb3 b4 19. axb4 Qb7 20.
Bc2 Qxb4 21. Bd4 Rg8 22. Qh3 e5 23. Be3 Rg6 24. Nd5 Qb7 25. Rd2 a5 26. Red1 Bd8 27. Nc3 Be7 28. Nd5 Rb8 29.
Qf5 a4 30. Nxe7 Kxe7 31. Rd3 Rf6 32. Qh3 Nc5 33. Bxc5 dxc5 34. Qg3 Re6 35. Rc3 c4 36. Rxc4 axb3 37. Bd3 Qa6 38. Kc1 Bb5 39.
Rc7+ Kf8 40. Bb1 Rc8 41. Rxc8+ Qxc8+ 42. Kd2 Qc5 43. Rc1 Rd6+ 0-1

[Event "The Kvibergspelen 2023"]
[Site "Kviberg Park Hotel & Conference, Krutvagen 2, Gothenburg, Sweden"]
[Date "2023.09.15"]
[Round "2.7"]
[White "Akesson, Ralf"]
[Black "Hagevi, Vidar"]
[Result "1-0"]
[TimeControl "15 minutes + 5 seconds per move from move one (Round 1 - 4) / 90 minutes + 30 seconds per move from move one (Round 5 - 8)"]
[WhiteTitle "GM"]
[WhiteFideId "1700120"]
[BlackFideId "1767526"]
[WhiteElo "2410"]
[BlackElo "2037"]

1. Nf3 Nf6 2. c4 e6 3. Nc3 d5 4. d4 Bb4 5. Bg5 h6 6. Bxf6 Qxf6 7. e3 O-O 8. Rc1 c6 9. a3 Bd6 10.
e4 Bf4 11. e5 Qd8 12. Rc2 dxc4 13. Bxc4 c5 14. d5 Qa5 15. g3 exd5 16. Bxd5 Bg5 17. Nxg5 hxg5 18. O-O Nc6 19. Qh5 Nd4 20.
Ne4 Bf5 21. Rxc5 Qa6 22. Nd6 g6 23. Qxg5 Be6 24. Bg2 Rad8 25. h4 Bh3 26. Qe3 Bxg2 27. Kxg2 b6 28. Rc3 Ne6 29. h5 Kg7 30.
h6+ Kh7 31. Ne4 Qb7 32. Qf3 Qe7 33. Nf6+ Kh8 34. Rfc1 Ng5 35. Qc6 Qxe5 36. Nd7 Qf5 37. Nxf8 Rd2 38. Nxg6+ Kh7 39. Nf4 Ne4 40.
Rf3 1-0

[Event "The Kvibergspelen 2023"]
[Site "Kviberg Park Hotel & Conference, Krutvagen 2, Gothenburg, Sweden"]
[Date "2023.09.15"]
[Round "2.8"]
[White "Jarlskov, Daniel Tuk Hartso"]
[Black "Ramsdal, Jens Albert"]
[Result "1/2-1/2"]
[TimeControl "15 minutes + 5 seconds per move from move one (Round 1 - 4) / 90 minutes + 30 seconds per move from move one (Round 5 - 8)"]
[BlackTitle "FM"]
[WhiteFideId "1463896"]
[BlackFideId "1429221"]
[WhiteElo "2038"]
[BlackElo "2391"]

1. c4 b6 2. Nf3 Bb7 3. g3 Bxf3 4. exf3 e6 5. Bg2 Nf6 6. d4 Bb4+ 7. Bd2 Bxd2+ 8. Qxd2 O-O 9. O-O d5 10. b3 Nbd7 11. Nc3 c6 12.
Rac1 dxc4 13. bxc4 Qe7 14. Rfe1 Rac8 15. d5 cxd5 16. cxd5 Qd6 17. Rcd1 exd5 18. Nxd5 Qxd5 19. Qxd5 Nxd5 20.
Rxd5 Nf6 21. Rde5 Rfe8 22. Rxe8+ Rxe8 23. Rxe8+ Nxe8 24. Kf1 Kf8 25. Ke2 Ke7 26. Kd3 Kd6 27. Kc4 Nc7 28. f4 f6 29. Be4 h6 30. h4 Ne6 31. Bg2 Nc5 32. Bf3 a6 33.
Bg2 b5+ 34. Kd4 Ne6+ 35. Ke4 a5 36. Bf1 Kc5 37. Kf5 Nf8 38. g4 a4 39. g5 fxg5 40. fxg5 hxg5 41. Kxg5 b4 42. Bd3 Kd4 43.
Bc2 b3 44. Bxb3 axb3 45. axb3 Ke5 1/2-1/2

[Event "The Kvibergspelen 2023"]
[Site "Kviberg Park Hotel & Conference, Krutvagen 2, Gothenburg, Sweden"]
[Date "2023.09.15"]
[Round "2.9"]
[White "Thorn, Eric"]
[Black "Frank, Anton"]
[Result "1-0"]
[TimeControl "15 minutes + 5 seconds per move from move one (Round 1 - 4) / 90 minutes + 30 seconds per move from move one (Round 5 - 8)"]
[WhiteTitle "FM"]
[WhiteFideId "1710729"]
[BlackFideId "1752383"]
[WhiteElo "2390"]
[BlackElo "2018"]

1. d4 d5 2. c4 e6 3.
Nc3 a6 4. cxd5 exd5 5. Qb3 c5 6. Nxd5 Be6 7. e4 Nc6 8. Nf3 Nge7 9. Bg5 Bxd5 10. exd5 Qxd5 11. Bc4 Qe4+ 12. Kf1 O-O-O 13. Re1 Qf5 14. Bxf7 Kb8 15.
Be6 Qg6 16. d5 Nb4 17. d6 Rxd6 18. Bf4 Nc8 19. a3 Nd3 20. Bd5 b5 21. Be4 c4 22. Bxg6 cxb3 23. Bxd3 Ka7 24. Bxd6 Bxd6 25.
Nd4 Kb6 26. Nxb3 Ne7 27. Re6 Kc7 28. Ke2 Nd5 29. g3 Rf8 30. Rd1 Nf6 31. Rc1+ Kd7 32. Bf5 Nd5 33. Rf6+ Ke7 34. Rxf8 Kxf8 35.
Rd1 1-0

[Event "The Kvibergspelen 2023"]
[Site "Kviberg Park Hotel & Conference, Krutvagen 2, Gothenburg, Sweden"]
[Date "2023.09.15"]
[Round "2.10"]
[White "Kallen, Jonas"]
[Black "Olsson, William"]
[Result "0-1"]
[TimeControl "15 minutes + 5 seconds per move from move one (Round 1 - 4) / 90 minutes + 30 seconds per move from move one (Round 5 - 8)"]
[BlackTitle "FM"]
[WhiteFideId "1712896"]
[BlackFideId "1741721"]
[WhiteElo "2020"]
[BlackElo "2376"]

1. e4 c5 2. Nf3 d6 3.
d4 cxd4 4. Nxd4 Nf6 5. Nc3 g6 6. Be2 Bg7 7. O-O O-O 8.
Be3 a6 9. a4 Nc6 10. Nb3 b6 11. f3 Nd7 12. Qd2 Re8 13. a5 b5 14. Ra2 Bb7 15. Nd5 Rc8 16. c3 Nce5 17. Nb6 Nxb6 18.
Bxb6 Qd7 19. Nd4 d5 20. f4 Nc4 21. Bxc4 dxc4 22. Qe2 e5 23. fxe5 Rxe5 24. Raa1 Rxe4 25. Qf2 Rce8 26. Rae1 f5 27. Rxe4 Rxe4 28. Re1 Qe8 29.
Rxe4 Qxe4 30. Nf3 b4 31. Qd2 Qd3 32. Qe1 Be4 33. Bd4 Bxd4+ 34. Nxd4 Kg7 35. h3 bxc3 36. Qxc3 Kf6 37. Kf2 Qxc3 38.
bxc3 f4 39. g3 g5 40. gxf4 gxf4 41. h4 Ke5 42. Ke2 Bd5 43. Nc2 Kf5 44. Kf2 Kg4 45. Nd4 Kxh4 46. Nf5+ Kg5 47. Ne7 Bb7 0-1

[Event "The Kvibergspelen 2023"]
[Site "Kviberg Park Hotel & Conference, Krutvagen 2, Gothenburg, Sweden"]
[Date "2023.09.15"]
[Round "2.11"]
[White "Reimanis, Ritvars"]
[Black "Persson, Sebastian"]
[Result "1-0"]
[TimeControl "15 minutes + 5 seconds per move from move one (Round 1 - 4) / 90 minutes + 30 seconds per move from move one (Round 5 - 8)"]
[WhiteTitle "IM"]
[WhiteFideId "11602988"]
[BlackFideId "1764187"]
[WhiteElo "2361"]
[BlackElo "1992"]

1. d4 d5 2. Nf3 Nf6 3.
c4 c6 4.
e3 e6 5.
Nc3 Nbd7 6. Qc2 Be7 7. g4 h6 8. Rg1 g5 9. b3 Qa5 10. Bd2 Qa3 11. c5 b5 12. Bxb5 Qb4 13. Bxc6 Qb8 14.
Bxa8 Qxa8 15. b4 Qb8 16. Rb1 Kf8 17. b5 e5 18. c6 Nb6 19. Nxe5 Bd6 20. f4 Bxe5 21. fxe5 Nxg4 22. Qd1 h5 23.
h3 Nh6 24. Qxh5 Bf5 25. Qxg5 Bxb1 26. Nxb1 Qc8 27. Bb4+ 1-0

[Event "The Kvibergspelen 2023"]
[Site "Kviberg Park Hotel & Conference, Krutvagen 2, Gothenburg, Sweden"]
[Date "2023.09.15"]
[Round "2.13"]
[White "Bengtsson, Siv"]
[Black "Kistrup, Nicolai"]
[Result "0-1"]
[TimeControl "15 minutes + 5 seconds per move from move one (Round 1 - 4) / 90 minutes + 30 seconds per move from move one (Round 5 - 8)"]
[BlackTitle "FM"]
[WhiteFideId "1701673"]
[BlackFideId "1444816"]
[WhiteElo "1995"]
[BlackElo "2359"]

1. e4 c5 2. Nf3 d6 3. d4 cxd4 4. Nxd4 Nf6 5. Nc3 Nc6 6. Bg5 e6 7. Qd2 a6 8. f3 Bd7 9. O-O-O Nxd4 10. Qxd4 Be7 11. h4 Qc7 12. Kb1 b5 13.
Qd2 h6 14. Be3 h5 15. Bg5 Qb6 16. e5 b4 17. Ne2 Nd5 18. Bxe7 Kxe7 19. exd6+ Qxd6 20. g4 Qe5 21. f4 Qe3 22.
Bg2 Qxd2 23. Rxd2 hxg4 24. Bxd5 exd5 25. Rxd5 Be6 26. Rg5 Rad8 27. Kc1 Kf6 28. Ng3 g6 29. Ne4+ Kg7 30. Nc5 Bf5 31.
Nxa6 Rd4 32. Nc7 Rc8 33. Rxf5 gxf5 34. Nb5 Rxf4 0-1

[Event "The Kvibergspelen 2023"]
[Site "Kviberg Park Hotel & Conference, Krutvagen 2, Gothenburg, Sweden"]
[Date "2023.09.15"]
[Round "2.14"]
[White "Eriksson, Wilmer"]
[Black "Jacobsen, Mikkel Manosri"]
[Result "0-1"]
[TimeControl "15 minutes + 5 seconds per move from move one (Round 1 - 4) / 90 minutes + 30 seconds per move from move one (Round 5 - 8)"]
[BlackTitle "FM"]
[WhiteFideId "1768298"]
[BlackFideId "1444514"]
[WhiteElo "1939"]
[BlackElo "2313"]

1. e4 c5 2. c3 e6 3. d4 d5 4. exd5 exd5 5. Bb5+ Nc6 6. Nf3 Bd6 7. dxc5 Bxc5 8. O-O Nge7 9. Nbd2 O-O 10.
Nb3 Bb6 11. Nfd4 Qd6 12. Be3 Bc7 13. g3 Ne5 14. Be2 a6 15. Kg2 N7g6 16. Nd2 Re8 17. h4 Ng4 18. Bxg4 Rxe3 19. Bf3 Nxh4+ 20. Kg1 Nxf3+ 21. N2xf3 Bh3 22. Nf5 Bxf5 23. fxe3 Qxg3+ 24. Kh1 Re8 25. Qe2 Qh3+ 26. Kg1 Re6 27. Rf2 Be4 28. Raf1 Rg6+ 29. Rg2 Bh2+ 30. Nxh2 Rxg2+ 0-1

[Event "The Kvibergspelen 2023"]
[Site "Kviberg Park Hotel & Conference, Krutvagen 2, Gothenburg, Sweden"]
[Date "2023.09.15"]
[Round "2.15"]
[White "Poley, Vladimir"]
[Black "Schriever-Abeln, Marius"]
[Result "1-0"]
[TimeControl "15 minutes + 5 seconds per move from move one (Round 1 - 4) / 90 minutes + 30 seconds per move from move one (Round 5 - 8)"]
[WhiteTitle "IM"]
[WhiteFideId "13500090"]
[BlackFideId "1752650"]
[WhiteElo "2284"]
[BlackElo "1936"]

1. Nf3 d5 2. g3 Nf6 3. Bg2 e6 4. O-O c5 5. b3 Nc6 6.
Bb2 Be7 7. e3 O-O 8. d4 b6 9.
Nbd2 Bb7 10. Re1 Qc7 11. c4 Rfd8 12. dxc5 bxc5 13. cxd5 exd5 14. a3 Rab8 15. Qc2 Qb6 16. Ng5 h6 17.
Nh3 Na5 18. Nf4 Bc6 19. Rab1 Rb7 20. Rec1 Ne4 21. Nxe4 dxe4 22. b4 cxb4 23. axb4 Qxb4 24. Bxg7 Qd6 25. Bd4 Rdb8 26. Rxb7 Rxb7 27.
Bxe4 Bxe4 28. Qxe4 Rc7 29. Rxc7 Qxc7 30. Nd5 Qc1+ 31. Kg2 Bf8 32. Nf6+ 1-0

[Event "The Kvibergspelen 2023"]
[Site "Kviberg Park Hotel & Conference, Krutvagen 2, Gothenburg, Sweden"]
[Date "2023.09.15"]
[Round "2.16"]
[White "Lundberg, Roland"]
[Black "Falkevall, Axel"]
[Result "0-1"]
[TimeControl "15 minutes + 5 seconds per move from move one (Round 1 - 4) / 90 minutes + 30 seconds per move from move one (Round 5 - 8)"]
[BlackTitle "FM"]
[WhiteFideId "1710656"]
[BlackFideId "1735560"]
[WhiteElo "1930"]
[BlackElo "2276"]

1. Nf3 Nf6 2. c4 g6 3. g3 Bg7 4.
Bg2 O-O 5. O-O c5 6. Nc3 d6 7. e4 Nc6 8. d3 Rb8 9. Rb1 a6 10. Bg5 b5 11. cxb5 axb5 12. Qd2 b4 13. Nd5 e6 14. Ne3 e5 15. Ne1 h6 16.
Bxf6 Bxf6 17. f4 exf4 18. gxf4 Nd4 19. Kh1 Bg7 20. Nf3 Be6 21. Nxd4 cxd4 22. Nc4 d5 23. Ne5 dxe4 24. dxe4 Bxe5 25.
fxe5 Kh7 26. b3 Rb5 27. Rbd1 Rxe5 28. Qxd4 Qxd4 29. Rxd4 Rb8 30. Rc1 Ra5 31. Rc2 Bxb3 32. axb3 Ra1+ 33. Bf1 Rxf1+ 34. Kg2 Rb1 35. Rc7 Rb2+ 36. Kg1 Kg8 37.
Rdd7 Ra8 38. Rxf7 Ra1+ 39. Rf1 Rxf1+ 40. Kxf1 Rxb3 41. h4 Rh3 42. Rb7 b3 43. Kg2 Rxh4 44. Kf3 Rh3+ 45. Kf4 Kf8 46. Ke5 Rf3 47.
Ke6 h5 48. e5 h4 49. Rb8+ Kg7 50. Rb7+ Kh6 51. Rb8 h3 52. Ke7 Kg7 53. Rb7 Rf7+ 0-1

[Event "The Kvibergspelen 2023"]
[Site "Kviberg Park Hotel & Conference, Krutvagen 2, Gothenburg, Sweden"]
[Date "2023.09.15"]
[Round "2.17"]
[White "Nilsson, Oliver"]
[Black "Cederstam, Carl"]
[Result "0-1"]
[TimeControl "15 minutes + 5 seconds per move from move one (Round 1 - 4) / 90 minutes + 30 seconds per move from move one (Round 5 - 8)"]
[BlackTitle "FM"]
[WhiteFideId "1730177"]
[BlackFideId "1713329"]
[WhiteElo "1924"]
[BlackElo "2232"]

1. e4 c5 2. Nc3 Nc6 3. Bb5 Nd4 4. Nf3 g6 5. Bc4 Bg7 6. Nxd4 cxd4 7. Qf3 Nf6 8. Nb5 O-O 9. Nxd4 d5 10.
exd5 Ng4 11. Qe4 Qb6 12. c3 Bf5 13. Qe2 Bxd4 14. cxd4 Qxd4 15. O-O a6 16. d3 b5 17. Be3 Qe5 18.
g3 bxc4 19. dxc4 Qe4 20. b3 h5 21. Rfd1 Ne5 22. f4 Nf3+ 23. Kf2 Nxh2 24. Kg1 Nf3+ 25. Kf2 Bg4 26. Qd3 Ng5 27. fxg5 Qf3+ 28.
Ke1 Qxg3+ 29. Bf2 Qe5+ 30. Kf1 Bxd1 31. Rxd1 Qxg5 32. Re1 a5 33. Re3 Ra6 34. Rg3 Qc1+ 35. Kg2 Rf6 36. Bd4 Kg7 37.
Bxf6+ exf6 38. d6 Rd8 39. Re3 Qa3 40. d7 Qc5 41. Re8 Qc6+ 42. Kh2 Rxd7 43. Qe3 Qd6+ 44. Kh1 Qd1+ 45. Qe1 Qf3+ 46.
Kg1 Rd1 0-1

[Event "The Kvibergspelen 2023"]
[Site "Kviberg Park Hotel & Conference, Krutvagen 2, Gothenburg, Sweden"]
[Date "2023.09.15"]
[Round "2.18"]
[White "Hansen, Lars"]
[Black "Ostensson, Julia"]
[Result "1-0"]
[TimeControl "15 minutes + 5 seconds per move from move one (Round 1 - 4) / 90 minutes + 30 seconds per move from move one (Round 5 - 8)"]
[WhiteFideId "1402528"]
[BlackFideId "1747703"]
[WhiteElo "2188"]
[BlackElo "1915"]

1. e4 d6 2. d4 Nf6 3. Nc3 e5 4. dxe5 dxe5 5. Qxd8+ Kxd8 6. Bc4 Ke8 7. Bg5 Bb4 8. Nge2 Nxe4 9. Bh4 Nd6 10. Bb3 Nc6 11.
O-O-O Bf5 12. Nd5 Ba5 13. c3 f6 14. Rhe1 Kd7 15. Ng3 Be6 16. f4 Rad8 17. Ne4 Kc8 18. Ne7+ Nxe7 19. Bxe6+ Kb8 20. fxe5 Nxe4 21. Rxe4 Rxd1+ 22. Kxd1 Ng6 23. exf6 gxf6 24.
Bxf6 Rf8 25. Bg5 a6 26. Ke2 Bb6 27.
Be3 Bxe3 28. Kxe3 Rf1 29. Bg8 Re1+ 30. Kd3 Rd1+ 31. Kc2 Rg1 32. Re8+ Ka7 33. Re2 Nf4 34. Rf2 Nxg2 35. Bxh7 Ne1+ 36. Kb3 Ng2 37. Be4 Nh4 38. Rf7 Kb6 39.
Rf4 Ng2 40. Rg4 Rh1 41. Rxg2 1-0

[Event "The Kvibergspelen 2023"]
[Site "Kviberg Park Hotel & Conference, Krutvagen 2, Gothenburg, Sweden"]
[Date "2023.09.15"]
[Round "2.19"]
[White "Wiklund, Johan"]
[Black "Nygren, Kim"]
[Result "0-1"]
[TimeControl "15 minutes + 5 seconds per move from move one (Round 1 - 4) / 90 minutes + 30 seconds per move from move one (Round 5 - 8)"]
[BlackTitle "CM"]
[WhiteFideId "1713817"]
[BlackFideId "1706136"]
[WhiteElo "1915"]
[BlackElo "2171"]

1. Nf3 Nf6 2. c4 e6 3. Nc3 d5 4.
d4 c6 5.
cxd5 exd5 6. Qc2 Bb4 7. Bg5 Nbd7 8. Nd2 O-O 9. e3 h6 10. Bh4 Re8 11. Bd3 Nf8 12. O-O Bd6 13. Rfe1 Bxh2+ 14. Kh1 g5 15. Kxh2 Ng4+ 16. Kg1 gxh4 17. Nf3 Qf6 18. e4 h3 19. e5 Qf4 20. Ne2 h2+ 21. Nxh2 Qxh2+ 22. Kf1 Qh4 23. Ng1 Ne6 24. Red1 Bd7 25. Qc3 0-1

[Event "The Kvibergspelen 2023"]
[Site "Kviberg Park Hotel & Conference, Krutvagen 2, Gothenburg, Sweden"]
[Date "2023.09.15"]
[Round "2.20"]
[White "Frisk, Ellinor"]
[Black "Stenman, Christoffer"]
[Result "1-0"]
[TimeControl "15 minutes + 5 seconds per move from move one (Round 1 - 4) / 90 minutes + 30 seconds per move from move one (Round 5 - 8)"]
[WhiteTitle "WIM"]
[WhiteFideId "1708481"]
[BlackFideId "1713604"]
[WhiteElo "2166"]
[BlackElo "1896"]

1. c4 e5 2. e3 Nf6 3. Nc3 Nc6 4. Nf3 d5 5. cxd5 Nxd5 6. Bb5 Nxc3 7. bxc3 Bd6 8. d4 exd4 9. cxd4 O-O 10.
O-O Bf5 11. Bb2 Ne7 12. Bd3 Re8 13. e4 Bg4 14. e5 Bxf3 15. Qxf3 Bb4 16. Bc4 Rf8 17. Qxb7 Ba5 18. Qe4 Rb8 19.
Rab1 c6 20. Ba3 Rxb1 21. Rxb1 Qd7 22. e6 1-0

[Event "The Kvibergspelen 2023"]
[Site "Kviberg Park Hotel & Conference, Krutvagen 2, Gothenburg, Sweden"]
[Date "2023.09.15"]
[Round "3.1"]
[White "Cederstam, Carl"]
[Black "Hansen, Sune Berg"]
[Result "1-0"]
[TimeControl "15 minutes + 5 seconds per move from move one (Round 1 - 4) / 90 minutes + 30 seconds per move from move one (Round 5 - 8)"]
[WhiteTitle "FM"]
[BlackTitle "GM"]
[WhiteFideId "1713329"]
[BlackFideId "1400266"]
[WhiteElo "2232"]
[BlackElo "2512"]

1. c4 e5 2. g3 Nc6 3. Bg2 Bc5 4. Nc3 a6 5. e3 Nge7 6. Nf3 Ba7 7. O-O d6 8. h3 O-O 9. d4 Bd7 10.
dxe5 dxe5 11. b3 Ng6 12. Ba3 Re8 13. Ne4 Bf5 14. Qc2 h5 15. Rad1 Qc8 16. Kh2 a5 17. Nh4 Nxh4 18. gxh4 Nb4 19. Qe2 Bg6 20. Rg1 Rd8 21. Rxd8+ Qxd8 22.
Ng5 c6 23. Bf3 Qf6 24. Bxh5 Bxh5 25. Qxh5 Qxf2+ 26. Rg2 Qf5 27. Bc1 e4 28. Bb2 Rd8 29. Bxg7 Bb8+ 30. Kg1 Qg6 31. Qh8# Qf5 32. Qh5 1-0

[Event "The Kvibergspelen 2023"]
[Site "Kviberg Park Hotel & Conference, Krutvagen 2, Gothenburg, Sweden"]
[Date "2023.09.15"]
[Round "3.2"]
[White "Holm, Kristian Stuvik"]
[Black "Hansen, Lars"]
[Result "1-0"]
[TimeControl "15 minutes + 5 seconds per move from move one (Round 1 - 4) / 90 minutes + 30 seconds per move from move one (Round 5 - 8)"]
[WhiteTitle "IM"]
[WhiteFideId "1508083"]
[BlackFideId "1402528"]
[WhiteElo "2488"]
[BlackElo "2188"]

1. d4 e6 2. c4 b6 3. a3 Bb7 4. Nc3 Nf6 5. Nf3 d5 6. Qa4+ Nbd7 7. Ne5 Bd6 8. cxd5 exd5 9. Bg5 Bxe5 10.
dxe5 h6 11. exf6 hxg5 12. fxg7 Rg8 13.
O-O-O c6 14. e4 Nc5 15. Qc2 d4 16. e5 Rxg7 17. b4 Ne6 18. Ne4 Kf8 19. Nd6 Qc7 20. h4 a5 21. hxg5 axb4 22.
Rh8+ Rg8 23. Qh7 Rxh8 24. Qxh8+ Ke7 25. Qf6+ Kf8 26. Bc4 bxa3 27. Bxe6 a2 28.
Qh8+ Ke7 29. Qf6+ Kf8 30. Kb2 b5 31. Qh8+ Ke7 32. Qf6+ Kf8 33. Bxf7 a1=Q+ 34. Rxa1 Rxa1 35. Kxa1 1-0

[Event "The Kvibergspelen 2023"]
[Site "Kviberg Park Hotel & Conference, Krutvagen 2, Gothenburg, Sweden"]
[Date "2023.09.15"]
[Round "3.3"]
[White "Nygren, Kim"]
[Black "Larkin, Vladyslav"]
[Result "0-1"]
[TimeControl "15 minutes + 5 seconds per move from move one (Round 1 - 4) / 90 minutes + 30 seconds per move from move one (Round 5 - 8)"]
[WhiteTitle "CM"]
[BlackTitle "IM"]
[WhiteFideId "1706136"]
[BlackFideId "14152894"]
[WhiteElo "2171"]
[BlackElo "2464"]

1. e4 c5 2. Nf3 e6 3. d4 cxd4 4. Nxd4 a6 5. Nc3 Qc7 6. Be3 Nf6 7. Be2 b5 8. O-O Bb7 9. Bf3 b4 10.
e5 bxc3 11. exf6 gxf6 12. bxc3 Nc6 13. Rb1 Rc8 14. Re1 Rg8 15. Nf5 Ba8 16. Bb6 Qf4 17. Ng3 Be7 18. Qe2 Qa4 19. Nf5 Bf8 20.
c4 Ne5 21. Bxa8 Rxa8 22. Ne3 Qc6 23. Kh1 Bh6 24. Bd4 Bxe3 25. fxe3 Nxc4 26. Rg1 e5 27. Rb4 Rc8 28. Ba1 a5 29.
Rb3 Qe4 30. Qf2 Rg6 31. Rd3 d6 32. Rgd1 Ke7 33. Qe2 Rcg8 34. Rg1 h5 35. Rc3 d5 36. Rb3 h4 37. Rb7+ Ke6 38. h3 Rg3 39. Kh2 Qxe3 40. Qf1 Nd2 41. Qa6+ Kf5 42. Rf1+ Nxf1+ 43.
Qxf1+ Qf4 0-1

[Event "The Kvibergspelen 2023"]
[Site "Kviberg Park Hotel & Conference, Krutvagen 2, Gothenburg, Sweden"]
[Date "2023.09.15"]
[Round "3.4"]
[White "Seo, Jung Min"]
[Black "Frisk, Ellinor"]
[Result "1-0"]
[TimeControl "15 minutes + 5 seconds per move from move one (Round 1 - 4) / 90 minutes + 30 seconds per move from move one (Round 5 - 8)"]
[WhiteTitle "IM"]
[BlackTitle "WIM"]
[WhiteFideId "1734687"]
[BlackFideId "1708481"]
[WhiteElo "2462"]
[BlackElo "2166"]

1. d4 Nf6 2. c4 c5 3. d5 b5 4. cxb5 a6 5. bxa6 g6 6. Nc3 Bg7 7. a7 Rxa7 8. e4 O-O 9.
Nf3 d6 10. Be2 Na6 11. O-O Nd7 12. Re1 Ne5 13. Bf4 Bg4 14. Nxe5 Bxe2 15. Qxe2 Bxe5 16. Bxe5 dxe5 17. Rad1 Nc7 18. Qc4 Qd6 19. b3 Rb8 20.
h4 Rb4 21. Qe2 h5 22. Rc1 Rab7 23. Na4 Na6 24. Rc2 R7b5 25. Rec1 Kg7 26. g3 Ra5 27. Rc4 Rab5 28. Nb2 Rb8 29.
Nd3 Rxc4 30. Rxc4 f6 31. Qc2 Nb4 32. Nxb4 cxb4 33. Rc6 Qd8 34. Qc5 Rb7 35. Kg2 Qd7 36. Rb6 Rc7 37. Qxb4 Qg4 38. Rc6 Ra7 39. a4 g5 40.
f3 Qd7 41. hxg5 f5 42. Qc3 fxe4 43.
Qxe5+ Kf7 44. Qxe4 Rb7 45. Qh7+ Kf8 46. Qh8+ Kf7 47. Qxh5+ Kg7 48. Rg6+ Kf7 49. Rd6+ 1-0

[Event "The Kvibergspelen 2023"]
[Site "Kviberg Park Hotel & Conference, Krutvagen 2, Gothenburg, Sweden"]
[Date "2023.09.15"]
[Round "3.5"]
[White "Ljung, Harald"]
[Black "Sivuk, Vitaly"]
[Result "0-1"]
[TimeControl "15 minutes + 5 seconds per move from move one (Round 1 - 4) / 90 minutes + 30 seconds per move from move one (Round 5 - 8)"]
[BlackTitle "GM"]
[WhiteFideId "1738178"]
[BlackFideId "14116502"]
[WhiteElo "2164"]
[BlackElo "2461"]

1. d4 Nf6 2. Nf3 g6 3. g3 b6 4. Bg2 Bb7 5. O-O c5 6. c3 Bg7 7. Re1 O-O 8. Nbd2 cxd4 9. cxd4 Nc6 10.
Nc4 Rc8 11. a3 Ne4 12. Nfe5 Nxe5 13. Nxe5 d6 14. Nf3 Qc7 15. Bh3 e6 16. Bf4 Qc2 17. Rb1 Bd5 18. Qd3 Qxd3 19. exd3 Nxg3 20.
hxg3 Bxf3 21. Bxd6 Rfd8 22. Be5 Bxe5 23. Rxe5 Rc2 24. Re3 Bb7 25. Bf1 Rxd4 26. Re2 Rc7 27. Ree1 Ba6 28. Rbc1 Rcd7 29. Red1 Bxd3 30. Bxd3 Rxd3 31.
Rxd3 Rxd3 32. Rc7 a5 33. Kg2 0-1